 Dungeon Crawl Stone Soup version 0.19.5 (webtiles) character file.

30 McKennaii the Skirmisher (level 3, 0/29 HPs)
             Began as a Demonspawn Abyssal Knight on Apr 27, 2017.
             Was a Follower of Lugonu.
             Slain by a jackal (1 damage)
             ... on level 1 of the Dungeon.
             The game lasted 00:02:03 (470 turns).

McKennaii the Skirmisher (Demonspawn Abyssal Knight) Turns: 470, Time: 00:02:04

Health: 0/29       AC:  4    Str: 12    XL:     3   Next: 3%
Magic:  0/4        EV: 11    Int: 13    God:    Lugonu [*.....]
Gold:   37         SH:  0    Dex: 13    Spells: 0 memorised, 2 levels left

rFire  . . .     SeeInvis .     a - +1 falchion
rCold  . . .     Gourm    .     b - +0 leather armour
rNeg   . . .     Faith    .     (no shield)
rPois  .         Spirit   +     (no helmet)
rElec  .         Reflect  .     e - +0 cloak
rCorr  .         Harm     .     (no gloves)
MR     .....                    (no boots)
Stlth  +.........               (no amulet)
                                (no ring)
                                (no ring)

@: no status effects
A: magic shield
a: Depart the Abyss, Renounce Religion


You were on level 1 of the Dungeon.
You worshipped Lugonu.
Lugonu was aware of your devotion.
You were not hungry.

You visited 1 branch of the dungeon, and saw 1 of its levels.
You visited the Abyss 1 time.

You collected 37 gold pieces.

Inventory:

Hand Weapons
 a - a +1 falchion (weapon)
Armour
 b - a +0 leather armour (worn)
 e - a +0 cloak (worn)
Scrolls
 d - 2 scrolls of identify {unknown}
 f - 2 scrolls of teleportation {unknown}
 g - a scroll of recharging {unknown}
 i - a scroll of fog {unknown}
Potions
 h - a potion of degeneration {unknown}
 j - a potion of mutation {unknown}
Comestibles
 c - a bread ration


   Skills:
 + Level 3.5 Fighting
 + Level 2.2 Long Blades
 + Level 2.0 Armour
 + Level 1.2 Dodging
 + Level 2.6 Invocations


You had 2 spell levels left.
You didn't know any spells.

Dungeon Overview and Level Annotations

Branches:
Dungeon (1/15)

Altars:


Innate Abilities, Weirdness & Mutations

When hurt, damage is shared between your health and your magic reserves.


Message History

You hit the jackal but do no damage.
The jackal is moderately wounded.
The jackal bites you but does no damage.
You miss the jackal.
The jackal is moderately wounded.
The jackal bites you.
* * * LOW HITPOINT WARNING * * *
The jackal barely misses you.
You barely miss the jackal.
The jackal is moderately wounded.
The jackal completely misses you.
You riposte.
You slash the jackal!
You kill the jackal!
Lugonu accepts your kill. The jackal bites you.
* * * LOW HITPOINT WARNING * * *
You hit the jackal.
The jackal is severely wounded.
The jackal pauses to sniff the ground.
The jackal bites you.
You die...

...#######....# #####
#...... ..
#....###...####......
.
#....#...#...###.#'#.
#....#.......##..#.#.
#....#..#'#..#####.##
#.#'#####.########.##
#....................
####h###########.####
#@# ###'### #.#
##.....## #.+
#.......# ###
#.†###..# ##..<..##
#######


You could see a jackal.

Vanquished Creatures
  2 dart slugs (D:1)
  A leopard gecko (D:1)
  6 bats (D:1)
  2 giant cockroaches (D:1)
  3 goblins (D:1)
  A hobgoblin (D:1)
  3 jackals (D:1)
  2 kobolds (D:1)
  A frilled lizard (D:1)
21 creatures vanquished.

Notes
Turn   | Place    | Note
-------+----------+-------------------------------------------
     0 | Abyss:1  | McKennaii the Demonspawn Abyssal Knight began the quest for the Orb.
     0 | Abyss:1  | Reached XP level 1. HP: 18/18 MP: 2/2
    26 | Abyss:1  | Found a viscous altar of Jiyva.
    90 | Abyss:1  | Found a corrupted altar of Lugonu.
   140 | Abyss:2  | Found a corrupted altar of Lugonu.
   145 | Abyss:2  | Found a shattered altar of Ashenzari.
   160 | Abyss:2  | Noticed a worldbinder
   223 | Abyss:2  | Noticed a titan skeleton
   233 | Abyss:2  | Noticed a dire flail of protection
   235 | D:1      | Escaped the Abyss
   294 | D:1      | Gained mutation: When hurt, damage is shared between your health and your magic reserves. [demonic ancestry]
   294 | D:1      | Reached XP level 2. HP: 13/24 MP: 3/3
   308 | D:1      | Reached skill level 1 in Dodging
   317 | D:1      | Reached * piety under Lugonu
   464 | D:1      | Reached XP level 3. HP: 3/29 MP: 4/4
   469 | D:1      | HP: 1/29 [jackal (2)]
   470 | D:1      | Slain by a jackal

Skill      XL: |  1  2 |
---------------+-------+-----
Long Blades    | 2 |  2.2
Dodging        | 1 |  1.2
Armour         | 2 |  2.0
Fighting       | |  3.5
Invocations    | |  2.6

Action                   || total
-------------------------++-------
Melee: Falchion          ||    58
Invok: Depart the Abyss  ||     1
Armor: Leather armour    ||    40
Dodge: Dodged            ||    56
       Rpst.: Falchion   ||    21
